 Dungeon Crawl Stone Soup version 0.31.0-12-g77e489cdc1 (webtiles) character file.

Game seed: 8887481002938317468

1969 LabCoat the Trooper (level 9, -25/118 HPs)
             Began as a Hill Orc Fighter on Feb 21, 2024.
             Was a Believer of Trog.
             Annihilated by a large slime creature (35 damage)
             ... on level 7 of the Dungeon on Feb 23, 2024.
             The game lasted 00:14:27 (5503 turns).

LabCoat the Trooper (Hill Orc Fighter)              Turns: 5503, Time: 00:14:28

Health: -25/118    AC: 13    Str: 23    XL:     9   Next: 20%
Magic:  9/9        EV:  7    Int:  8    God:    Trog [**....]
Gold:   311        SH:  5    Dex: 10    Spells: 8/8 levels left

rFire   . . .        a - +1 war axe
rCold   . . .        c - +0 buckler
rNeg    . . .        k - +0 plate armour
rPois   .            (no helmet)
rElec   .            (no cloak)
rCorr   .            (no gloves)
SInv    .            (no boots)
Will    .....        (no amulet) Stlth
                     (no ring)
HPRegen 0.39/turn    (no ring)
MPRegen 0.11/turn

%: no passive effects
@: berserking, very quick
A: no striking features
a: Renounce Religion, Berserk, Trog's Hand


You were on level 7 of the Dungeon.
You worshipped Trog.
Trog was pleased with you.
You visited 2 branches of the dungeon, and saw 8 of its levels.

You collected 311 gold pieces.

Inventory:

Hand Weapons
 a - a +1 war axe (weapon)
 p - a +3 morningstar of holy wrath
 q - a +2 spear of flaming
Missiles
 B - a curare-tipped dart (quivered)
 E - 6 poisoned darts
Armour
 c - a +0 buckler (worn)
 k - a +0 plate armour (worn)
Jewellery
 v - a ring of ice
Wands
 l - a wand of mindburst (2)
Scrolls
 b - a scroll of silence {unknown}
 g - 3 scrolls of fear
 j - a scroll of noise {unknown}
 m - 2 scrolls of fog
 n - 3 scrolls of vulnerability {unknown}
 o - a scroll of enchant weapon
 s - a scroll of brand weapon {unknown}
 u - a scroll of teleportation {unknown}
 w - a scroll of amnesia {unknown}
 y - a scroll of revelation {unknown}
 C - a scroll of enchant armour {unknown}
 D - a scroll of butterflies {unknown}
Potions
 d - 2 potions of might
 e - a potion of curing
 f - 2 potions of brilliance
 h - 6 potions of enlightenment
 i - a potion of mutation
 r - 2 potions of ambrosia
 x - 2 potions of lignification
 A - a potion of attraction


   Skills:
 * Level 7.3 Fighting
 * Level 7.3 Axes
 + Level 3.0 Throwing
 * Level 6.6 Armour
 + Level 2.8 Dodging
 + Level 5.1 Shields
 + Level 3.3 Evocations


You had 8 spell levels left.
You didn't know any spells.
Your spell library was empty.

Dungeon Overview and Level Annotations

Branches:
Dungeon (7/15)             Temple (1/1) D:4

Altars:
Ashenzari
Dithmenos
Gozag
Hepliaklqana
Makhleb
Nemelex Xobeh
Okawaru
Qazlal
Ru
Trog
Uskayaw
Wu Jian
Xom
Yredelemnul
Zin
The Shining One

Shops:
D:2 !


Message History

The large slime creature hits you!!
You slash the large slime creature!
The large slime creature is lightly wounded.
The large slime creature barely misses you.
You slash the large slime creature!
The large slime creature is moderately wounded.
The large slime creature hits you but does no damage.
You hit the large slime creature.
The large slime creature is moderately wounded.
The large slime creature hits you.
You hit the large slime creature.
The large slime creature is moderately wounded.
The large slime creature hits you!
You hit the large slime creature.
The large slime creature is moderately wounded.
You block the large slime creature's attack.
You feel much better.
You block the large slime creature's attack.
A red film seems to cover your vision as you go berserk!
You feel yourself moving faster!
You feel mighty! The large slime creature hits you!!
You slash the large slime creature!
The large slime creature is moderately wounded.
The large slime creature hits you!
You slice the large slime creature!!
The large slime creature is heavily wounded.
You block the large slime creature's attack.
You slash the large slime creature!
The large slime creature is severely wounded.
The large slime creature barely misses you.
You slash the large slime creature!
The large slime creature is severely wounded.
You barely miss the large slime creature.
The large slime creature is severely wounded.
The large slime creature hits you!!
* * * LOW HITPOINT WARNING * * *
You completely miss the large slime creature.
The large slime creature is severely wounded.
The large slime creature hits you!!
You die...

######### #.......#
#.#####.# #†#
#.############ #.#
#......lJ@...# ##.#
#.##########.##
...#####.# #...####
##..l..J.# #.#..>.#
#####J### #...##.#
##...###############>#
##..............# #.#
#.......#######.# #.#
# .......:....#
#.#####.#########


You could see a large slime creature and an iguana.

Vanquished Creatures
  Grinder (D:5)
  Sigmund (D:5)
  A slime creature (D:7)
  A water moccasin (D:6)
  An ice beast (D:6)
  A black bear (D:7)
  A centaur (D:6)
  A phantom (D:5)
  A kobold brigand (D:6)
  A gnoll sergeant (D:7)
  2 scorpions
  A bombardier beetle (D:6)
  3 orc priests (D:5)
  2 hounds
  Ijyb (D:5)
  A sleepcap (D:6)
  3 orc wizards (D:5)
  6 iguanas
  Robin (D:2)
  7 gnolls
  4 adders
  A white imp (D:5)
  4 ufetubi (D:6)
  3 ribbon worms (D:2)
  24 orcs
  6 ball pythons
  4 bats
  8 endoplasms
  3 giant cockroaches
  14 goblins
  7 hobgoblins
  7 jackals
  12 kobolds
  3 quokkas
  3 frilled lizards
  7 rats
147 creatures vanquished.

Notes
Turn   | Place    | Note
-------+----------+-------------------------------------------
     0 | D:1      | LabCoat the Hill Orc Fighter began the quest for the Orb.
     0 | D:1      | Reached XP level 1. HP: 19/19 MP: 1/1
   171 | D:1      | Reached XP level 2. HP: 27/27 MP: 2/2
   568 | D:1      | Reached XP level 3. HP: 33/33 MP: 3/3
   812 | D:2      | Identified the +0 helmet of Fedhas's Whim {Will+ Regen+
                  | Str-4 Slay+2}
   812 | D:2      | Noticed Robin
   836 | D:2      | Killed Robin
   837 | D:2      | Reached XP level 4. HP: 15/40 MP: 4/4
  1014 | D:2      | Reached skill level 1 in Evocations
  1155 | D:2      | Found a glowing silver altar of Zin.
  1309 | D:2      | Found Jinuaf's Distillery.
  1491 | D:3      | Reached skill level 1 in Dodging
  1491 | D:3      | Reached XP level 5. HP: 6/47 MP: 5/5
  1867 | D:3      | Reached skill level 1 in Throwing
  2391 | D:4      | Found a staircase to the Ecumenical Temple.
  2409 | Temple   | Entered the Ecumenical Temple
  2422 | Temple   | Became a worshipper of Trog the Wrathful
  2606 | D:5      | Entered Level 5 of the Dungeon
  2639 | D:5      | Noticed a phantom
  2645 | D:5      | Killed a phantom
  2646 | D:5      | Reached XP level 6. HP: 55/55 MP: 6/6
  2712 | D:5      | Reached skill level 5 in Fighting
  3103 | D:5      | Reached XP level 7. HP: 60/61 MP: 7/7
  3118 | D:5      | Noticed Grinder
  3130 | D:5      | Reached skill level 5 in Axes
  3130 | D:5      | Reached skill level 5 in Armour
  3133 | D:5      | Paralysed by Grinder for 4 turns
  3164 | D:5      | Killed Grinder
  3349 | D:5      | Noticed Ijyb
  3358 | D:5      | Killed Ijyb
  3658 | D:5      | Reached * piety under Trog
  3709 | D:5      | Noticed Sigmund
  3709 | D:5      | Found the +4 robe of Augmentation {Str+4 Int+4 Dex+4}
  3717 | D:5      | Killed Sigmund
  3718 | D:5      | Reached XP level 8. HP: 60/70 MP: 8/8
  4026 | D:6      | Identified the +5 ring mail of Kanus {Slay+3}
  5133 | D:6      | Reached ** piety under Trog
  5142 | D:6      | Reached skill level 5 in Shields
  5142 | D:6      | Reached XP level 9. HP: 50/79 MP: 9/9
  5503 | D:7      | Annihilated by a large slime creature

Illustrated notes

Levels and vault maps discovered:
D:1:      evilmike_arrival_crescent, layout_loops_ring
D:2:      layout_rooms, basic_altar, serial_shops, shop,
          chequers_serial_rivers_large_b, minmay_tall_x, uniq_robin
D:3:      layout_rooms, serial_corexii_hall, corexii_hall_statues_i,
          chequers_hall_statues_wall_a, hangedman_decor_push
D:4:      layout_cave_pools, minmay_temple_entry_hall, grunt_ministairs_14
D:5:      layout_gridville, uniq_ijyb, uniq_sigmund, uniq_grinder
D:6:      layout_basic
D:7:      layout_loops_ring, nrook_pool_corridor
Temple:   regret_index_temple_sphere_string

Skill      XL: |  1  2  3  4  5  6  7  8  9 |
---------------+----------------------------+-----
Axes           | 3 4 5 6 7 |  7.3
Fighting       | 4 5 6 7 |  7.3
Evocations     | 1 2 3 |  3.3
Armour         | 4 5 6 |  6.6
Dodging        | 1 2 |  2.8
Throwing       | 1 2 3 |  3.0
Shields        | 4 5 |  5.1

Action                     |  1- 3 |  4- 6 |  7- 9 || total
---------------------------+-------+-------+-------++-------
  Melee: War axe           |    93 |   142 |   231 ||   466
    Use: Potion            |     1 |     1 |     5 ||     7
         Scroll            |       |     8 |     3 ||    11
   Stab: Distracted        |     1 |       |       ||     1
 Armour: Scale mail        |    31 |       |       ||    31
         Plate armour      |    38 |   159 |   302 ||   499
  Dodge: Dodged            |    43 |    31 |   104 ||   178
  Block: Buckler           |    32 |    42 |    84 ||   158
